 Dungeon Crawl Stone Soup version 0.27-a0-604-g29a88b33a7 (webtiles) character file.

Game seed: 7165576890589801269

36 jestyr24 the Conjurer (level 3, -9/33 HPs)
             Began as an Ogre Conjurer on Mar 12, 2021.
             Mangled by Sigmund
             ... wielding a +0 scythe
              (14 damage)
             ... on level 2 of the Dungeon.
             The game lasted 00:09:21 (1758 turns).

jestyr24 the Conjurer (Ogre Conjurer)               Turns: 1758, Time: 00:09:21

Health: -9/33      AC:  3    Str: 11    XL:     3   Next: 37%
Magic:  1/7        EV:  9    Int: 20    God:
Gold:   61         SH:  0    Dex:  7    Spells: 4/7 levels left

rFire    . . .     SeeInvis .   c - +0 short sword
rCold    . . .     Faith    .   (no shield)
rNeg     . . .     Spirit   .   a - +0 robe
rPois    .         Reflect  .   (helmet restricted)
rElec    .         Harm     .   (no cloak)
rCorr    .         Rampage  .   (gloves unavailable)
Will     .....                  (boots unavailable)
Stlth    +.........             (no amulet)
HPRegen  0.11/turn              (no ring)
MPRegen  0.10/turn              (no ring)

@: no status effects
A: large, unfitting armour, tough skin 1
a: no special abilities


You were on level 2 of the Dungeon.
You visited 1 branch of the dungeon, and saw 2 of its levels.

You collected 61 gold pieces.

Inventory:

Hand Weapons
 c - a +0 short sword (weapon)
 j - a +0 club
 m - a +2 dagger of venom
Missiles
 d - 36 stones (quivered)
 e - 3 datura-tipped darts
Armour
 a - a +0 robe (worn)
Scrolls
 b - a scroll of enchant weapon {unknown}
 f - a scroll of enchant armour {unknown}
 i - a scroll of immolation {unknown}
 l - a scroll of fog {unknown}
Potions
 g - a potion of curing {unknown}
 h - a potion of mutation {unknown}
 k - a potion of heal wounds {unknown}


   Skills:
 * Level 1.3 Fighting
 + Level 1.9 Dodging
 - Level 1.4 Stealth
 * Level 2.9 Spellcasting
 + Level 4.2 Conjurations


You had 4 spell levels left.
You knew the following spells:

 Your Spells              Type           Power      Damage    Failure   Level
a - Magic Dart            Conj           76%        1d6       2%          1
b - Searing Ray           Conj           38%        3d4       3%          2

Your spell library contained the following spells:

 Spells                   Type           Power      Damage    Failure   Level
 Dazzling Flash           Conj/Hex       22%        N/A       19%         3
 Fulminant Prism          Conj/Hex       5%         3d7       52%         4
 Iskenderun's Mystic Bla  Conj/Tloc      11%        2d4       52%         4


Dungeon Overview and Level Annotations

Branches:
Dungeon (2/15)

Altars:

Annotations:
D:2 Sigmund


Innate Abilities, Weirdness & Mutations

You are too large for most types of armour.
You have tough skin. (AC +1)


Message History

The searing ray hits something!
The searing ray hits something!
Something completely misses you.
The searing ray hits something.
You finish channeling your searing ray.
Something completely misses you.
Casting: Searing Ray (safe; 3% risk of failure)
Confirm with . or Enter, or press ? or * to list all spells.
You can't see any susceptible monsters within range! (Use Z to cast anyway.) Unknown command.
Casting: Searing Ray (safe; 3% risk of failure)
Confirm with . or Enter, or press ? or * to list all spells.
You can't see any susceptible monsters within range! (Use Z to cast anyway.)
There is a stone staircase leading up, spattered with blood here.
Something hits you but does no damage. The giant cockroach barely misses you.
You completely miss the giant cockroach.
The giant cockroach barely misses you. Something hits you!
You closely miss the giant cockroach.
The giant cockroach bites you but does no damage.
You hit the giant cockroach.
The giant cockroach is severely wounded.
The giant cockroach misses you. Something hits you.
The giant cockroach bites you but does no damage.
You barely miss the giant cockroach.
The giant cockroach is heavily wounded.
The giant cockroach barely misses you. Something hits you.
You closely miss the giant cockroach.
The giant cockroach is heavily wounded.
The giant cockroach closely misses you. Something hits you!
* * * LOW HITPOINT WARNING * * *
Casting: Searing Ray (safe; 3% risk of failure)
Confirm with . or Enter, or press ? or * to list all spells.
Aiming: Searing Ray (safe; 3% risk of failure)
Press: ? - help, Shift-Dir - straight line, f - giant cockroach
Aim: a giant cockroach (heavily wounded, 22% to evade)
The searing ray hits the giant cockroach.
You kill the giant cockroach! (Press . to maintain the ray.)
The quokka bites you.
* * * LOW HITPOINT WARNING * * *
Something hits you!
You die...

#........#
#........#
#...#.###
#.....
#.##..### ..
#....##
##.#.{###
...##.r.#
....r.(##@#
#..#..... #.#
.. #..... ...
# ..)(.......
.#..........#
(.....######
... ...


You could see a quokka.

Vanquished Creatures
  A dart slug (D:1)
  A leopard gecko (D:1)
  2 bats (D:1)
  4 giant cockroaches
  4 goblins
  5 hobgoblins (D:1)
  3 kobolds (D:1)
  2 ball pythons (D:1)
  4 frilled lizards (D:1)
  3 rats
29 creatures vanquished.

Notes
Turn   | Place    | Note
-------+----------+-------------------------------------------
     0 | D:1      | jestyr24 the Ogre Conjurer began the quest for the Orb.
     0 | D:1      | Reached XP level 1. HP: 16/16 MP: 3/3
   468 | D:1      | Reached XP level 2. HP: 21/26 MP: 2/5
   547 | D:1      | Learned a level 2 spell: Searing Ray
   707 | D:1      | Reached skill level 1 in Fighting
   782 | D:1      | Reached skill level 4 in Conjurations
  1064 | D:1      | Reached XP level 3. HP: 29/33 MP: 4/7
  1510 | D:2      | Noticed Sigmund
  1758 | D:2      | Mangled by Sigmund

Illustrated notes

Levels and vault maps discovered:
D:1:      psy_arrival_basics, layout_loops_ring, kennysheep_minor_cross,
          minmay_tree_intersection, chequers_mini_garden
D:2:      layout_rooms, nicolae_uskayaw_dance_studio, minivault_11,
          uniq_sigmund, uniq_crazy_yiuf_cottage, uniq_terence

Skill      XL: |  1  2 |
---------------+-------+-----
Fighting       | 1 |  1.3
Conjurations   | 4 |  4.2
Dodging        | |  1.9
Stealth        | |  1.4
Spellcasting   | |  2.9

Action                   || total
-------------------------++-------
Melee: Unarmed           ||     9
       Short sword       ||    27
Throw: Stone             ||     4
 Cast: Magic Dart        ||    30
       Searing Ray       ||    10
 Stab: Sleeping          ||     1
Armor: Robe              ||    15
Dodge: Dodged            ||    36

Table legend: (Time is in decaauts)
 A = Elapsed time spent in this place.
 B = Non-inter-level travel time spent in this place.
 C = Inter-level travel time spent in this place.
 D = Time resting spent in this place.
 E = Time spent auto-exploring this place.
 F = Levels seen in this place.
 G = Mean time per level.
                   A        B        C        D        E       F      G
               +--------+--------+--------+--------+--------+-----+--------+
         Total |   1762 |   1664 |     98 |    680 |    657 |   2 |  881.0 |
       Dungeon |   1762 |   1664 |     98 |    680 |    657 |   2 |  881.0 |
               +--------+--------+--------+--------+--------+-----+--------+

Top non-repeatable levels by time:
     D:1: 1717 daAuts
     D:2: 44 daAuts
